 Dungeon Crawl Stone Soup version 0.21-a0-513-gdcb3f5e (webtiles) character file.

1345 qwer the Slasher (level 8, 0/61 HPs)
             Began as a Demonspawn Fighter on Dec 2, 2017.
             Slain by a two-headed ogre
             ... wielding a +0 giant club
              (25 damage)
             ... on level 9 of the Dungeon.
             The game lasted 00:08:08 (6549 turns).

qwer the Slasher (Demonspawn Fighter)               Turns: 6549, Time: 00:08:08

Health: 0/61       AC: 15    Str: 19    XL:     8   Next: 36%
Magic:  8/8        EV: 13    Int: 11    God:    Xom [*.....]
Gold:   296        SH:  0    Dex: 18    Spells: 7/7 levels left

rFire    . . .     SeeInvis .   a - +0 long sword
rCold    . . .     Gourm    .   (no shield)
rNeg     . . .     Faith    .   e - +0 chain mail
rPois    .         Spirit   .   (helmet restricted)
rElec    .         Reflect  .   (no cloak)
rCorr    .         Harm     .   (no gloves)
MR       .....     Clarity  +   j - +2 pair of boots
Stlth    ++........             (no amulet)
HPRegen  0.60/turn              (no ring)
MPRegen  0.11/turn              (no ring)

@: agile, very slightly contaminated, invisible
A: horns 2, slimy green scales 1, clarity, clever 1, demonic guardian 1,
nightstalker 2, regeneration 1, screaming 1
a: Renounce Religion


You were on level 9 of the Dungeon.
You worshipped Xom.
You were a special plaything of Xom.
You were very hungry.

You visited 2 branches of the dungeon, and saw 8 of its levels.

You collected 296 gold pieces.

Inventory:

Hand Weapons
 a - a +0 long sword (weapon)
Armour
 b - a +0 scale mail
 c - a +0 shield
 e - a +0 chain mail (worn)
 j - a +2 pair of boots (worn)
Jewellery
 p - a cursed ring of teleportation {unknown}
Wands
 t - a wand of polymorph (16)
Scrolls
 d - a scroll of teleportation {unknown}
 g - a scroll of magic mapping {unknown}
 k - 6 scrolls of remove curse {unknown}
 l - a scroll of amnesia {unknown}
 m - 2 scrolls of enchant armour {unknown}
 r - a scroll of blinking {unknown}
 v - 4 scrolls of identify {unknown}
 y - a scroll of enchant weapon {unknown}
Potions
 n - a potion of mutation
 w - a potion of flight
Comestibles
 f - 2 bread rations
 h - a meat ration
 i - 4 fruits
 x - 2 royal jellies


   Skills:
 + Level 4.4 Fighting
 * Level 7.7 Long Blades
 + Level 4.9 Armour
 + Level 1.3 Dodging
 - Level 2.9 Shields
 + Level 0.1 Evocations


You had 7 spell levels left.
You didn't know any spells.

Dungeon Overview and Level Annotations

Branches:
Dungeon (6/15)             Temple (1/1) D:4

Altars:
Ashenzari
Elyvilon
Fedhas
Nemelex Xobeh
Okawaru
Sif Muna
Uskayaw
Xom
The Shining One


Innate Abilities, Weirdness & Mutations

You have a pair of horns on your head.
You are partially covered in slimy green scales. (AC +2)
A weak demonic guardian rushes to your aid.
You are significantly more attuned to the shadows.
You possess an exceptional clarity of mind.
Your mind is acute. (Int +2)
Your natural rate of healing is unusually fast.
You occasionally shout uncontrollably at your foes.


Message History

You feel agile all of a sudden.
Unknown command.
You slash the two-headed ogre!
The two-headed ogre is severely wounded.
The two-headed ogre hits you with a giant club!
The two-headed ogre misses you. The two-headed ogre closely misses you.
You riposte.
You strike the helpless two-headed ogre from behind!
You slash the two-headed ogre!
The two-headed ogre is moderately wounded.
The two-headed ogre misses you.
You catch the helpless two-headed ogre completely off-guard!
You hit the two-headed ogre. You headbutt the two-headed ogre!
The two-headed ogre is almost dead.
The two-headed ogre barely misses you. The two-headed ogre misses you.
Unknown command.
The two-headed ogre closely misses you.
The two-headed ogre hits you with a giant club!!
You die...
Xom chuckles heartily!

#########
#.......#
#.......#
#.......#
#:......#
#..5†O..#
#...@O..#
#.......#
#.......#
#.......#
...........
#####.####.


You could see 2 two-headed ogres and a friendly iron imp.

Vanquished Creatures
  A wyvern (D:9)
  Menkaure (D:5)
  A centaur (D:5)
  A bullfrog (D:5)
  A scorpion (D:5)
  2 howler monkeys (D:9)
  2 crimson imps (D:5)
  A centaur skeleton (D:4)
  A hound (D:5)
  A centaur zombie (D:5)
  3 orc priests
  2 bullfrog skeletons (D:5)
  2 worker ants
  3 orc wizards
  A hound skeleton (D:3)
  Robin (D:2)
  8 gnolls
  6 adders
  A shadow imp (D:5)
  3 oozes
  An adder skeleton (D:5)
  4 worms
  A dart slug (D:3)
  A leopard gecko (D:3)
  13 orcs
  4 ball pythons
  3 giant cockroaches
  19 goblins
  10 hobgoblins
  6 kobolds
  5 quokkas
  3 bats
  5 frilled lizards
  A giant cockroach zombie (D:5)
  2 rats (D:1)
120 creatures vanquished.

Vanquished Creatures (collateral kills)
  A sky beast (D:5)
  A centaur (D:5)
  A worker ant (D:2)
  2 gnolls
  6 orcs
  A goblin (D:2)
  A hobgoblin (D:3)
  2 jackals (D:3)
15 creatures vanquished.

Vanquished Creatures (others)
  A bush (D:5)
1 creature vanquished.

Grand Total: 136 creatures vanquished

Notes
Turn   | Place    | Note
-------+----------+-------------------------------------------
     0 | D:1      | qwer the Demonspawn Fighter began the quest for the Orb.
     0 | D:1      | Reached XP level 1. HP: 18/18 MP: 1/1
   288 | D:1      | Gained mutation: A weak demonic guardian rushes to your aid. [demonic ancestry]
   288 | D:1      | Reached XP level 2. HP: 24/24 MP: 2/2
   352 | D:1      | Reached skill level 2 in Long Blades
   662 | D:2      | Gained mutation: You are partially covered in slimy green scales. (AC +2) [demonic ancestry]
   662 | D:2      | Reached XP level 3. HP: 28/29 MP: 3/3
   769 | D:2      | Noticed Robin
   786 | D:2      | Killed Robin
   795 | D:2      | Gained mutation: You are slightly more attuned to the shadows. [demonic ancestry]
   795 | D:2      | Reached XP level 4. HP: 13/35 MP: 4/4
   798 | D:2      | Reached skill level 3 in Long Blades
  2015 | D:3      | Gained mutation: You are significantly more attuned to the shadows. [demonic ancestry]
  2015 | D:3      | Reached XP level 5. HP: 34/41 MP: 5/5
  2022 | D:3      | Gained mutation: Your mind is acute. (Int +2) [potion of mutation]
  2022 | D:3      | Gained mutation: You possess an exceptional clarity of mind. [potion of mutation]
  2426 | D:3      | Reached skill level 4 in Long Blades
  3084 | D:3      | Found a faded altar of an unknown god.
  3273 | D:3      | Became a worshipper of Uskayaw the Reveler
  3273 | D:3      | Reached * piety under Uskayaw
  3391 | D:3      | Reached XP level 6. HP: 33/48 MP: 6/6
  3391 | D:3      | Reached ** piety under Uskayaw
  4096 | D:4      | Reached skill level 5 in Long Blades
  4783 | D:4      | Found a staircase to the Ecumenical Temple.
  5254 | Temple   | Entered the Ecumenical Temple
  5306 | Temple   | Fell from the grace of Uskayaw
  5306 | Temple   | Became a worshipper of Xom of Chaos
  5380 | D:5      | XOM: stealth player
  5380 | D:5      | Entered Level 5 of the Dungeon
  5384 | D:5      | Reached skill level 1 in Dodging
  5409 | D:5      | Gained mutation: You have a pair of small horns on your head. [demonic ancestry]
  5409 | D:5      | Reached XP level 7. HP: 28/53 MP: 7/7
  5584 | D:5      | XOM: divination: magic mapping
  5696 | D:5      | Reached skill level 6 in Long Blades
  5825 | D:5      | Gained mutation: You occasionally shout uncontrollably at your foes. [mutagenic meat]
  5826 | D:5      | Gained mutation: Your natural rate of healing is unusually fast. [mutagenic meat]
  5827 | D:5      | Gained mutation: You have a pair of horns on your head. [mutagenic meat]
  5862 | D:5      | XOM: harmless Hex miscast
  5998 | D:5      | XOM: severe Conj miscast
  6001 | D:5      | Noticed Dowan
  6001 | D:5      | Noticed Menkaure
  6002 | D:5      | Noticed Duvessa
  6006 | D:5      | XOM: confuse monster(s)
  6012 | D:5      | Noticed Dowan
  6012 | D:5      | Dowan changed into Dowan the bullfrog
  6017 | D:5      | Killed Dowan the bullfrog
  6017 | D:5      | Reached skill level 7 in Long Blades
  6017 | D:5      | Reached XP level 8. HP: 37/60 MP: 8/8
  6023 | D:5      | Noticed Duvessa
  6023 | D:5      | Duvessa changed into Duvessa the worm
  6028 | D:5      | Killed Menkaure
  6030 | D:5      | Killed Duvessa the worm
  6225 | D:5      | Found a deep blue altar of Sif Muna.
  6266 | D:5      | Found a glowing golden altar of the Shining One.
  6266 | D:5      | Found a hide-covered altar of Uskayaw.
  6266 | D:5      | Found a shattered altar of Ashenzari.
  6503 | D:6      | XOM: harmless Fire miscast
  6523 | D:6      | You fall through a shaft for 3 floors!
  6537 | D:9      | Noticed a two-headed ogre
  6539 | D:9      | Noticed a two-headed ogre
  6549 | D:9      | Slain by a two-headed ogre

Vault maps used:
D:1:      dpeg_arrival_shrine
D:2:      uniq_robin
D:3:      cheibrodos_pilgrimage, chequers_ecumenical_altar_simple, minivault_26
D:4:      temple_doors_cd, minmay_distorted
D:5:      led_sif_pool, gammafunk_temple_overflow_forgotten, first_bread,
          uniq_duvessa, uniq_menkaure
D:6:      serial_shops, nicolae_shop_behind_doors
D:9:      kennysheep_mini, old_standard_altar, grunt_temple_overflow_open,
          gammafunk_temple_overflow_elements
Temple:   compressed_dpeg_triangle_lava_temple

Skill      XL: |  1  2  3  4  5  6  7 |
---------------+----------------------+-----
Long Blades    | 2 3 4 5 7 |  7.7
Armour         | 3 4 |  4.9
Dodging        | 1 |  1.3
Fighting       | 4 |  4.4
Shields        | |  2.9
Evocations     | |  0.1

Action                   |  1- 3 |  4- 6 |  7- 9 || total
-------------------------+-------+-------+-------++-------
Melee: Long sword        |    85 |   245 |   121 ||   451
       Headbutt          |       |       |    24 ||    24
Evoke: Wand              |       |       |     4 ||     4
  Use: Potion            |     1 |     5 |     7 ||    13
 Stab: Sleeping          |       |     2 |       ||     2
       Confused          |       |       |     1 ||     1
       Invisible         |       |       |     2 ||     2
  Eat: Meat ration       |       |     2 |       ||     2
       Chunk             |       |     7 |     3 ||    10
Armor: Chain mail        |    64 |   219 |    77 ||   360
       Scale mail        |     1 |       |       ||     1
       Skin              |       |    18 |     8 ||    26
Dodge: Dodged            |    36 |   106 |    69 ||   211
       Rpst.: Long sword |    13 |    26 |    15 ||    54

Table legend:
 A = Spawn XP
 B = Non-spawn XP
 C = Spawn XP percentage of total XP
 D = Spawn monster count
 E = Non-spawn monster count
 F = Spawn count percentage of total count
 G = Total turns spent on level
                    A         B        C        D         E        F      G
               +---------+---------+-------+---------+---------+-------+---------
         Total |       0 |    1922 |   0.0 |       0 |     135 |   0.0 |  6549
               +---------+---------+-------+---------+---------+-------+---------
           D:1 |       0 |      38 |   0.0 |       0 |      19 |   0.0 |   642
           D:2 |       0 |     134 |   0.0 |       0 |      26 |   0.0 |  1366
           D:3 |       0 |     295 |   0.0 |       0 |      49 |   0.0 |  2074
           D:4 |       0 |      99 |   0.0 |       0 |       5 |   0.0 |  1227
           D:5 |       0 |    1053 |   0.0 |       0 |      32 |   0.0 |   979
           D:6 |       0 |       2 |   0.0 |       0 |       1 |   0.0 |   164
           D:9 |       0 |     301 |   0.0 |       0 |       3 |   0.0 |    26
               +---------+---------+-------+---------+---------+-------+---------
